 Dungeon Crawl Stone Soup version 0.18.1-5-g4a78601 (webtiles) character file.

114 Geppetto the Cudgeler (level 4, -3/42 HPs)
             Began as a Gargoyle Berserker on May 9, 2016.
             Was a Believer of Trog.
             Slain by Bubs's ghost (8 damage)
             ... on level 4 of the Dungeon.
             The game lasted 00:12:58 (3551 turns).

Geppetto the Cudgeler (Gargoyle Berserker)          Turns: 3551, Time: 00:12:59

Health: -3/42      AC:  6    Str: 26    XL:     4   Next: 97%
Magic:  4/4        EV: 11    Int:  8    God:    Trog [**....]
Gold:   77         SH:  0    Dex:  9    Spells: 0 memorised, 3 levels left

rFire  + . .     SeeInvis .     a - +1 mace
rCold  . . .     Gourm    .     e - +0 leather armour (curse)
rNeg   + . .     Faith    .     (no shield)
rPois  ∞         Spirit   .     (no helmet)
rElec  +         Dismiss  .     (no cloak)
rCorr  .         Reflect  .     (no gloves)
SustAt .         Harm     .     (no boots)
MR     .....     Rnd*Tele +     (no amulet)
Stlth  ..........               t - ring of teleportation (curse)
                                n - ring of protection from fire

@: berserking (expiring), very quick, not resistant to hostile enchantments,
extremely unstealthy
A: negative energy resistance 1, electricity resistance, unbreathing,
petrification resistance, rot immunity, AC +3
a: Berserk, Trog's Hand, Burn Spellbooks, Renounce Religion


You were on level 4 of the Dungeon.
You worshipped Trog.
Trog was pleased with you.
You were hungry.

You visited 1 branch of the dungeon, and saw 4 of its levels.

You collected 77 gold pieces.

Inventory:

Hand Weapons
 a - a +1 mace (weapon)
 r - a +0 blowgun
Missiles
 s - 3 poisoned needles
Armour
 b - a +1 animal skin
 e - a cursed +0 leather armour (worn)
Jewellery
 n - a ring of protection from fire (left hand)
 t - a cursed ring of teleportation (right hand)
Scrolls
 h - 3 scrolls of teleportation
 j - 3 scrolls of enchant armour
Potions
 d - 3 potions of heal wounds
 l - 2 potions of lignification
 o - 3 potions of might
 q - a potion of beneficial mutation {unknown}
Comestibles
 c - 2 bread rations
 f - 2 meat rations
 g - 2 beef jerkies
 i - 4 fruits
 k - a royal jelly


   Skills:
 - Level 3.2 Fighting
 * Level 5.5 Maces & Flails
 - Level 2.1 Armour
 - Level 1.5 Dodging


You had 3 spell levels left.
You didn't know any spells.

Dungeon Overview and Level Annotations

Branches:
Dungeon (4/15)
 Temple: D:4-7

Altars:
Ashenzari
Elyvilon
Okawaru
Pakellas
Qazlal
Vehumet
Yredelemnul

Annotations:
D:4 Bubs's ghost, novice FoFi


Innate Abilities, Weirdness & Mutations

You are resistant to torment.
Your stone body is resilient (AC +3).
You are immune to poison.
You resist negative energy.
You are resistant to electric shocks.
You can survive without breathing.
You are immune to petrification.
You are immune to rotting.


Message History

Bubs's ghost hits you but does no damage.
You hit Bubs's ghost.
Bubs's ghost is heavily damaged.
The worker ant bites you.
The centaur skeleton completely misses you.
Bubs's ghost closely misses you.
You thump Bubs's ghost!
Bubs's ghost is severely damaged.
The worker ant barely misses you. The centaur skeleton barely misses you.
You hit Bubs's ghost but do no damage.
Bubs's ghost is severely damaged.
The worker ant bites you.
The centaur skeleton closely misses you.
Bubs's ghost hits you!
* * * LOW HITPOINT WARNING * * *
You hit Bubs's ghost.
Bubs's ghost is severely damaged.
The centaur skeleton barely misses you. The worker ant completely misses you.
Bubs's ghost hits you!
You die...

## #.. #.# #.#
#.#
.#.#####.###.##
......Z........
......W@.#
......a#<#
.#####.#.#
#...# .>...
..... ##.....
#..... #......


You could see a worker ant, Bubs's ghost and a centaur skeleton.

Vanquished Creatures
  A killer bee zombie (D:3)
  3 adders (D:2)
  3 worms
  A dart slug (D:1)
  3 giant geckos
  An orc (D:3)
  5 giant cockroaches
  7 goblins
  5 hobgoblins
  A ball python zombie (D:1)
  7 bats
  5 giant newts
  6 kobolds
  6 rats
54 creatures vanquished.

Notes
Turn   | Place    | Note
--------------------------------------------------------------
     0 | D:1      | Geppetto the Gargoyle Berserker began the quest for the Orb.
     0 | D:1      | Reached XP level 1. HP: 14/14 MP: 1/1
   422 | D:1      | Reached XP level 2. HP: 15/19 MP: 2/2
   896 | D:1      | Reached skill level 4 in Maces & Flails
  1102 | D:1      | Reached XP level 3. HP: 23/23 MP: 3/3
  1108 | D:1      | You fall through a shaft!
  1120 | D:2      | Found an iron altar of Okawaru.
  1262 | D:2      | Found a shattered altar of Ashenzari.
  1320 | D:2      | Reached ** piety under Trog
  1329 | D:2      | Found a basalt altar of Yredelemnul.
  1924 | D:2      | Found an oddly glowing altar of Pakellas.
  1925 | D:2      | Found a radiant altar of Vehumet.
  1970 | D:2      | Found a stormy altar of Qazlal.
  1989 | D:2      | Reached XP level 4. HP: 23/28 MP: 4/4
  2248 | D:2      | Found a white marble altar of Elyvilon.
  2370 | D:1      | Reached skill level 5 in Maces & Flails
  2918 | D:3      | Found a faded altar to an unknown god.
  3540 | D:4      | Noticed Bubs's ghost (novice FoFi)
  3551 | D:4      | Slain by Bubs's ghost

Skill      XL: |  1  2  3  4 |
---------------+-------------+-----
Maces & Flails | 4 5 |  5.5
Fighting       | |  3.2
Armour         | |  2.1
Dodging        | |  1.5

Action                   |  1- 3 |  4- 6 || total
-------------------------+-------+-------++-------
Melee: Mace              |   108 |    81 ||   189
Invok: Berserk           |     1 |     1 ||     2
  Use: Scroll            |     7 |     3 ||    10
 Stab: Sleeping          |     1 |       ||     1
  Eat: Chunk             |     4 |     5 ||     9
Armor: Animal skin       |     8 |       ||     8
       Leather armour    |    37 |    21 ||    58
Dodge: Dodged            |    79 |    53 ||   132
